 Dungeon Crawl Stone Soup version 0.30.1-3-gfc49f6343a (webtiles) character file.

Game seed: 12091271832336555326

56 leafyfresh the Sneak (level 3, -1/26 HPs)
             Began as an Octopode Delver on Aug 4, 2023.
             Slain by a black bear (3 damage)
             ... on level 5 of the Dungeon.
             The game lasted 00:00:25 (157 turns).

leafyfresh the Sneak (Octopode Delver)               Turns: 157, Time: 00:00:26

Health: -1/26      AC:  1    Str: 11    XL:     3   Next: 95%
Magic:  3/3        EV: 13    Int: 14    God:
Gold:   0          SH:  0    Dex: 13    Spells: 2/2 levels left

rFire   . . .        a - +0 short sword
rCold   . . .        (no shield)
rNeg    . . .        (helmet restricted)
rPois   .            (no amulet)
rElec   .            (no ring)
rCorr   .            (no ring)
SInv    .            (no ring)
Will    .....        (no ring)
Stlth   ++++         (no ring)
HPRegen 0.24/turn    (no ring)
MPRegen 0.08/turn    (no ring)
                     (no ring)

%: no passive effects
@: no status effects
A: almost no armour, amphibious, 8 rings, camouflage 1, gelatinous body 1,
(nimble swimmer 1), tentacles
a: no special abilities


You were on level 5 of the Dungeon.
You visited 1 branch of the dungeon, and saw 1 of its levels.

Inventory:

Hand Weapons
 a - a +0 short sword (weapon)
Wands
 f - a wand of digging (3)
Scrolls
 b - a scroll of fog
 c - a scroll of magic mapping
 d - a scroll of fear
Potions
 e - a potion of haste


   Skills:
 - Level 3.2 Fighting
 - Level 2.3 Short Blades
 + Level 2.9 Dodging
 + Level 7.3 Stealth


You had 2 spell levels left.
You didn't know any spells.
Your spell library was empty.

Dungeon Overview and Level Annotations

Branches:
Dungeon (5/15)
 Temple: D:4-7

Altars:


Innate Abilities, Weirdness & Mutations

You cannot wear most types of armour.
You are amphibious.
You can wear up to eight rings at the same time.
Your skin changes colour to match your surroundings (Stealth+).
Your rubbery body absorbs attacks. (AC +1, EV +1)
((You are camouflaged when in or above water. (Stealth+)))
You have tentacles for arms and can constrict up to eight enemies at once.


Message History

An orc comes into view. It is wielding a +0 whip.
The orc shouts!
You hit the hound.
You kill the hound!
Your Stealth skill increases to level 7!
The orc barely misses you.
You see here a hound corpse.
You hit the orc but do no damage. You grab the orc.
You squeeze the orc, but do no damage.
You constrict the orc, but do no damage.
The orc closely misses you.
The orc hits you with a +2 flail of protection.
Unknown command.
You release your grip on the orc.
The orc attacks as you move away! The orc closely misses you.
The orc attacks as you move away! The orc barely misses you.
An adder comes into view.
The adder hisses angrily.
You hit the orc but do no damage. Your grab misses the orc.
You squeeze the orc, but do no damage. You hit the orc but do no damage.
You grab the orc. You squeeze the orc.
The orc is heavily wounded.
You constrict the orc, but do no damage.
You hit the orc but do no damage.
The orc is heavily wounded.
You constrict the orc, but do no damage.
The orc closely misses you.
You hit the orc but do no damage.
The orc is heavily wounded.
You constrict the orc, but do no damage.
The orc misses you. The orc hits you with a +0 flail!
* * * LOW HITPOINT WARNING * * *
You closely miss the orc. Your grab misses the orc.
Your squeeze misses the orc.
You constrict the orc, but do no damage.
The black bear bites you.
* * * LOW HITPOINT WARNING * * *
The black bear claws you but does no damage.
The black bear claws you.
You die...

.........#.#.
.$..........
##...<..... ...
..........##...
#........#.$#
.#......S....## ..#
.......oo#....###
.>#.
.###...#o##.....##...
###.#@#†.#......#
###.h.o........# #
......?/..####..# #
####............# #
#............# #
#......###.### #
#....#(.##...# #
#....##......# #
#..####..>...# #


You could see a black bear, an adder and 4 orcs.

Vanquished Creatures
  A hound (D:5)
  An iguana (D:5)
  A quokka (D:5)
3 creatures vanquished.

Notes
Turn   | Place    | Note
-------+----------+-------------------------------------------
     0 | D:5      | leafyfresh the Octopode Delver began the quest for the Orb.
     0 | D:5      | Reached XP level 1. HP: 16/16 MP: 1/1
    17 | D:5      | Noticed an iguana
    26 | D:5      | Killed an iguana
    27 | D:5      | Reached XP level 2. HP: 8/21 MP: 2/2
    27 | D:5      | Reached XP level 3. HP: 11/26 MP: 3/3
   143 | D:5      | Noticed a black bear
   150 | D:5      | Reached skill level 7 in Stealth
   157 | D:5      | Slain by a black bear

Illustrated notes

Levels and vault maps discovered:
D:5:      layout_rooms, led_sif_book, nicolae_tso_besieged_by_evil,
          minmay_temple_entry_statues_fountains, gammafunk_ghost_necromancy,
          kennysheep_another_room, nicolae_fountain_basement, uniq_pikel

Skill      XL: |  1  2  3 |
---------------+----------+-----
Stealth        | 7 |  7.3
Fighting       | |  3.2
Short Blades   | |  2.3
Dodging        | |  2.9

Action                     || total
---------------------------++-------
  Melee: Short sword       ||    16
         Tentacles         ||     8
         Constrict         ||     4
   Stab: Sleeping          ||     1
 Armour: Skin              ||     1
  Dodge: Dodged            ||    11
